AoeStats
← nico89sfx

Arabia

503800929Analyzed
1v1 RM · 1mo ago on Sep 2, 2026· 30m 44s· 2 players
Game mode
Random Map
Map size
Tiny (2 player)
Population
200
Speed
Normal
Resources
Standard
Victory
Conquest
Starting age
Dark Age
Ending age
Imperial Age
RankedLock teamsTeams togetherTeam positionsShared explorationLock speedFull tech treeHidden civsTurbo modeCheats
Victory
Defeat
🇦🇺 Burgundians · Australia
648
+15
🇦🇷 Inca · Argentina
624
-15
nico89sfx
6:42 Loom
11:14 Feudal Age
12:17 Double-Bit Axe
12:16 Horse Collar
15:00 Champi Runner
17:28 Forging
19:23 Wheelbarrow
19:40 Town Watch
20:25 Gold Mining
21:26 Fletching
21:37 Padded Archer Armor
24:59 Castle Age
23:17 Scale Mail Armor
25:16 Pikeman
28:00 Iron Casting
28:55 Chain Mail Armor
30:57 Squires
Fabes
6:58 Double-Bit Axe
7:42 Loom
10:56 Feudal Age
9:22 Horse Collar
12:35 Wheelbarrow
14:57 Hand Cart
15:25 Bow Saw
16:53 Town Watch
21:21 Castle Age
21:57 Heavy Plow
21:34 Cavalier
22:18 Husbandry
24:49 Scale Barding Armor
30:08 Chain Barding Armor
Connection lost

Rejoining the realm…

Still unreachable

The connection could not be restored.

Session expired

The server has moved on; the page needs a fresh start.